[Event "Early-Titled-Tuesday-Blitz-October-10-2023"]
[Site "Chess.com"]
[Date "2023.10.10"]
[Round "9"]
[White "Tsyhanchuk_Stanislav"]
[Black "whiteglovethief"]
[Result "0-1"]
[WhiteElo "2458"]
[BlackElo "2561"]
[TimeControl "180+1"]
[EndTime "9:42:49 PDT"]
[Termination "whiteglovethief won by resignation"]

1. e4 e6 2. d4 d5 3. Nc3 Bb4 4. e5 c5 5. a3 Bxc3+ 6. bxc3 Ne7 7. Qg4 Qc7 8. Qxg7 Rg8 9. Qxh7 cxd4 10. Bb5+ Nbc6 11. Ne2 dxc3 12. O-O Qxe5 13. Ng3 d4 14. a4 Bd7 15. Ba3 O-O-O 16. Qd3 Nf5 17. a5 Nh4 18. a6 Qd5 19. axb7+ Kb8 20. f3 Ne5 21. Qe2 Bxb5 22. Qe4 Bxf1 23. Qxh4 Bxg2 24. Qf4 Bh3 25. Re1 f6 26. Qxf6 Nxf3+ 27. Kf2 Nxe1 28.
Kxe1 d3 29. Qf4+ e5 30. Qb4 d2+ 31. Kd1 Bg4+ 32. Qxg4 Rxg4 33. Bd6+ Qxd6 34. Ne2 Kxb7 35. Nxc3 0-1

[Event "Early-Titled-Tuesday-Blitz-October-10-2023"]
[Site "Chess.com"]
[Date "2023.10.10"]
[Round "9"]
[White "MatthewG-p4p"]
[Black "ChessTankMan"]
[Result "1-0"]
[WhiteElo "2801"]
[BlackElo "2526"]
[TimeControl "180+1"]
[EndTime "9:42:50 PDT"]
[Termination "MatthewG-p4p won by resignation"]

1. e4 c5 2. c3 e6 3. d4 d5 4.
e5 Nc6 5. Nf3 Qb6 6. Bd3 cxd4 7.
O-O dxc3 8. Nxc3 a6 9. Be3 Qc7 10. Rc1 Bd7 11. Re1 Qa5 12. a3 Rc8 13. Na4 Qc7 14. Bb6 Qb8 15. b4 Be7 16. Nc5 Bd8 17. Nxd7 Kxd7 18. Bc5 Nge7 19. b5 axb5 20. Bxb5 Ba5 21.
Re2 h6 22. Rec2 Ng6 23. Qd4 Qc7 24. Qa4 Rhd8 25. Bd6 Qb6 26. Nd4 Ne7 27. Bxe7 Kxe7 28.
Bxc6 Rc7 29. Bb5 Rdc8 30. h3 Rxc2 31. Rxc2 Rxc2 32. Nxc2 Qc5 33. Qxa5 Qxc2 34. Qb4+ Kd8 35. Qd6+ Kc8 36. Bd7+ Kd8 37. Bxe6+ Ke8 38. Qd7+ 1-0

[Event "Early-Titled-Tuesday-Blitz-October-10-2023"]
[Site "Chess.com"]
[Date "2023.10.10"]
[Round "9"]
[White "cycygogne"]
[Black "Balla_Tamas"]
[Result "1-0"]
[WhiteElo "2281"]
[BlackElo "2414"]
[TimeControl "180+1"]
[EndTime "9:42:51 PDT"]
[Termination "cycygogne won by resignation"]

1. e4 c5 2. Nf3 Nc6 3. b4 cxb4 4.
d4 d5 5. exd5 Qxd5 6. c4 bxc3 7.
Nxc3 Qa5 8. d5 e6 9. Bd2 Bb4 10. Rc1 exd5 11. a3 Bxa3 12. Ra1 Be6 13. Nb5 Qd8 14. Rxa3 Nf6 15. Bd3 O-O 16. O-O Ne4 17.
Bf4 a6 18. Nc7 Rc8 19. Nxe6 fxe6 20. Bc1 Nc5 21. Bb1 h6 22. Qc2 Ne4 23. Qe2 Qe7 24. Bxe4 dxe4 25. Qxe4 Nb4 26. Re3 Rf6 27. Bb2 e5 28.
Nxe5 Re6 29. Qg4 Nc2 30. Re2 Qf6 31. Rc1 Rc3 32. Bxc3 1-0

[Event "Early-Titled-Tuesday-Blitz-October-10-2023"]
[Site "Chess.com"]
[Date "2023.10.10"]
[Round "9"]
[White "MikeSailer"]
[Black "falzehope0"]
[Result "0-1"]
[WhiteElo "2138"]
[BlackElo "2319"]
[TimeControl "180+1"]
[EndTime "9:42:51 PDT"]
[Termination "falzehope0 won by resignation"]

1. d4 e6 2. Bf4 d5 3. Nc3 f5 4. Nb5 Na6 5. a3 Ne7 6. e3 Ng6 7. Nh3 Be7 8. Qh5 O-O 9. O-O-O Bd7 10. Nc3 Be8 11. Qf3 c5 12. g4 fxg4 13. Qxg4 Nxf4 14. Nxf4 Bf7 15. Nxe6 Bxe6 16. Qxe6+ Kh8 17. Nxd5 Bg5 18. Bxa6 bxa6 19. dxc5 Rb8 20. Rd2 Qa5 21. Rg1 Bh6 22. Ne7 Qxc5 23. Rgd1 Qb5 24. Qe5 Qxe5 0-1

[Event "Early-Titled-Tuesday-Blitz-October-10-2023"]
[Site "Chess.com"]
[Date "2023.10.10"]
[Round "9"]
[White "TatjanaVasilevich"]
[Black "c63_amg"]
[Result "1-0"]
[WhiteElo "2632"]
[BlackElo "2798"]
[TimeControl "180+1"]
[EndTime "9:42:53 PDT"]
[Termination "TatjanaVasilevich won by resignation"]

1. Nf3 Nf6 2. b3 b6 3. Bb2 Bb7 4. g3 g6 5. Bg2 Bg7 6. O-O O-O 7. c4 e6 8. d4 d5 9. Ne5 Nbd7 10. Nc3 Qc8 11. f4 dxc4 12. bxc4 Bxg2 13. Kxg2 c5 14. e3 cxd4 15. exd4 Rd8 16. Qe2 Qb7+ 17. Kg1 Rac8 18. Rac1 Nf8 19. Rfd1 N6d7 20. Nb5 Nf6 21. Ba3 Ne4 22.
Re1 f5 23. Red1 Bxe5 24. fxe5 Ng5 25. Qg2 Qa6 26. Be7 Ne4 27. Bxd8 Rxd8 28. Nc3 Nxc3 29. Rxc3 Nd7 30. Re1 Qa5 31. Rcc1 b5 32. d5 Nc5 33. Red1 Ne4 34. d6 Qb6+ 35. c5 Nxc5 36. Qf2 1-0

[Event "Early-Titled-Tuesday-Blitz-October-10-2023"]
[Site "Chess.com"]
[Date "2023.10.10"]
[Round "9"]
[White "JesseFebruary"]
[Black "LamaChampetre"]
[Result "0-1"]
[WhiteElo "2071"]
[BlackElo "2246"]
[TimeControl "180+1"]
[EndTime "9:42:55 PDT"]
[Termination "LamaChampetre won by resignation"]

1. e4 c5 2. Nf3 g6 3. d4 cxd4 4. Nxd4 Nc6 5. c4 Bg7 6. Be3 Nf6 7. Nc3 Ng4 8. Nxc6 Nxe3 9. Nxd8 Nxd1 10. Nxd1 Kxd8 11.
Be2 d6 12. O-O Be6 13. Rc1 Rc8 14. b3 Kd7 15. f4 f5 16. Nf2 Bd4 17. Rfd1 Be3 18.
Rc3 Bxf4 19. exf5 Bxf5 20. g4 Be6 21. Nh3 Be5 22. Re3 Kc7 23. Ng5 Bg8 24. c5 h6 25.
Ne4 Rd8 26. cxd6+ exd6 27. Rc1+ Kb8 28. Rd3 Be6 29. Rdd1 Rhf8 30. h3 Bf4 31. Rc2 Be3+ 32. Kg2 d5 33. Ng3 d4 34. Rd3 Bd5+ 35. Kh2 Rf2+ 36.
Kg1 Rxe2+ 0-1

[Event "Early-Titled-Tuesday-Blitz-October-10-2023"]
[Site "Chess.com"]
[Date "2023.10.10"]
[Round "9"]
[White "Gyulamiryan-koryun"]
[Black "mmDarko"]
[Result "0-1"]
[WhiteElo "1993"]
[BlackElo "2312"]
[TimeControl "180+1"]
[EndTime "9:42:57 PDT"]
[Termination "mmDarko won on time"]

1. e4 e6 2. d4 d5 3. Nd2 Nf6 4. e5 Nfd7 5. Bd3 b6 6. Ne2 a5 7.
a4 Ba6 8. Nf3 Bxd3 9. Qxd3 Qc8 10.
Ng5 h6 11. Nh3 Qa6 12. Qf3 c5 13. c3 Nc6 14. Be3 cxd4 15. cxd4 Bb4+ 16. Kf1 O-O 17. Rc1 Rac8 18. g4 f6 19. Nf4 fxe5 20. dxe5 Ncxe5 21. Qg3 Rxc1+ 22. Bxc1 Nc5 23. Kg2 Ne4 24. Qb3 g5 25. Nh3 Qxe2 26. Be3 Qxg4+ 0-1

[Event "Early-Titled-Tuesday-Blitz-October-10-2023"]
[Site "Chess.com"]
[Date "2023.10.10"]
[Round "9"]
[White "shimastream"]
[Black "DrVelja"]
[Result "1-0"]
[WhiteElo "2995"]
[BlackElo "2844"]
[TimeControl "180+1"]
[EndTime "9:43:00 PDT"]
[Termination "shimastream won on time"]

1. e4 c5 2. Nf3 Nc6 3. Nc3 g6 4. d4 cxd4 5. Nxd4 Bg7 6. Nxc6 bxc6 7. Bc4 d6 8. O-O Qc7 9. Bg5 Nf6 10. Re1 O-O 11. Qd2 Rb8 12. b3 Re8 13. Rad1 Bg4 14. f3 Bc8 15. Kh1 Nd7 16. f4 Qa5 17. e5 dxe5 18.
f5 gxf5 19. Bh6 Nf8 20. Bxg7 Kxg7 21. Qg5+ Ng6 22. Rd3 f4 23. g3 Rd8 24. Red1 Rxd3 25. Rxd3 Qa3 26. Ne2 e4 27. Rd1 h6 28. Qh5 f3 29. Nf4 Nxf4 30. Qxf7+ 1-0

[Event "Early-Titled-Tuesday-Blitz-October-10-2023"]
[Site "Chess.com"]
[Date "2023.10.10"]
[Round "9"]
[White "jcibarra"]
[Black "Rutricks"]
[Result "1-0"]
[WhiteElo "2913"]
[BlackElo "2679"]
[TimeControl "180+1"]
[EndTime "9:43:01 PDT"]
[Termination "jcibarra won by checkmate"]

1. e4 g6 2. d4 Bg7 3. Nc3 c6 4.
Nf3 d5 5. Bf4 dxe4 6. Nxe4 Nf6 7. Nxf6+ exf6 8. Be2 O-O 9. O-O Re8 10. c4 a5 11. Qd2 Na6 12. Rfd1 Bf5 13. d5 cxd5 14. cxd5 Nc5 15. Rac1 Ne4 16. Qd4 Nc3 17. Qxc3 Rxe2 18. Nd4 Re4 19. Nxf5 Rxf4 20. Nxg7 Kxg7 21. d6 Qd7 22. Qe3 Rb4 23. Rc7 Qg4 24. f3 Qf5 25.
Qe7 Rf8 26. d7 Rxb2 27. Qxf8+ Kxf8 28. d8=Q+ Kg7 29. Rxf7+ Kh6 30. Qd4 Qg5 31. Qxb2 Qe3+ 32. Qf2 Qe2 33. Qh4# 1-0

[Event "Early-Titled-Tuesday-Blitz-October-10-2023"]
[Site "Chess.com"]
[Date "2023.10.10"]
[Round "9"]
[White "valemava"]
[Black "RodTwinkz"]
[Result "1-0"]
[WhiteElo "2321"]
[BlackElo "2777"]
[TimeControl "180+1"]
[EndTime "9:43:01 PDT"]
[Termination "valemava won on time"]

1. Nf3 Nf6 2. c4 g6 3. b3 Bg7 4. Bb2 O-O 5. g3 d6 6. d4 e5 7. dxe5 Ng4 8. Bg2 Nc6 9. O-O Ngxe5 10. Nxe5 Nxe5 11. Qc1 Bg4 12. f4 Nc6 13. e4 Bd7 14. Nc3 f5 15. exf5 Bxf5 16. Nd5 Qd7 17. Qd2 Rac8 18.
Rae1 Bxb2 19. Qxb2 Qg7 20. Ne7+ Nxe7 21. Qxg7+ Kxg7 22.
Rxe7+ Rf7 23. Rxf7+ Kxf7 24. Bxb7 Re8 25. Kf2 Kf6 26.
h4 Bd3 27. Re1 Rxe1 28. Kxe1 Bb1 29. Kd2 c5 30. Bf3 h6 31. a3 a5 32. Kc3 g5 33.
fxg5+ hxg5 34. h5 Ke5 35. b4 cxb4+ 36. axb4 axb4+ 37. Kxb4 1-0

[Event "Early-Titled-Tuesday-Blitz-October-10-2023"]
[Site "Chess.com"]
[Date "2023.10.10"]
[Round "9"]
[White "Alonmindlin"]
[Black "N4700000"]
[Result "1-0"]
[WhiteElo "2714"]
[BlackElo "2441"]
[TimeControl "180+1"]
[EndTime "9:43:03 PDT"]
[Termination "Alonmindlin won by resignation"]

1. e4 c6 2. c4 d5 3. cxd5 cxd5 4. exd5 Nf6 5. Nc3 Nxd5 6. Nf3 Nc6 7. Bb5 g6 8. Qa4 Nb6 9. Bxc6+ bxc6 10. Qxc6+ Bd7 11.
Qe4 Bg7 12. O-O O-O 13. d4 Rc8 14. Rd1 Bf5 15. Qh4 Nd5 16. Bh6 Nxc3 17. bxc3 Rxc3 18. Ng5 f6 19. Bxg7 fxg5 20. Qh6 Rf7 21. Be5 Rc2 22. Qxg5 Qd5 23. Rac1 h6 24. Qxh6 Rh7 25. Qf4 Qc4 26.
Rxc2 Qxc2 27. Rc1 Qxa2 28. g4 Rh4 29. h3 Qa3 30. Qe3 Qxe3 31. fxe3 Be6 32. Kg2 Rh7 33.
Rc7 a6 34. Ra7 Bc4 35. Kg3 Kf7 36. e4 Ke6 37. Bf4 Bb5 38. d5+ Kf6 39. e5+ Kf7 40.
Bg5 Ke8 41. e6 Kd8 42. d6 Kc8 43. d7+ Kd8 44. Ra8+ 1-0

[Event "Early-Titled-Tuesday-Blitz-October-10-2023"]
[Site "Chess.com"]
[Date "2023.10.10"]
[Round "9"]
[White "LileKoridze"]
[Black "Zeck_CH"]
[Result "1-0"]
[WhiteElo "2356"]
[BlackElo "2464"]
[TimeControl "180+1"]
[EndTime "9:43:05 PDT"]
[Termination "LileKoridze won by checkmate"]

1. d4 c5 2. d5 e5 3. c4 d6 4. e4 Be7 5. Nf3 a6 6. Be2 f5 7. exf5 Bxf5 8. Nc3 Nf6 9. O-O O-O 10. Ng5 Qc8 11. Bf3 Ne8 12. Ne6 Rf7 13. Bg4 Bxg4 14.
Qxg4 Nf6 15. Qh3 Nbd7 16. f4 exf4 17. Bxf4 Nf8 18. Rae1 Nxe6 19. Qxe6 Qxe6 20. Rxe6 Rd8 21. Rfe1 Bf8 22. Bg5 Rb8 23. Rf1 b5 24. Bxf6 gxf6 25. cxb5 axb5 26. Ne4 Ra8 27. Nxf6+ Kh8 28. a3 b4 29.
axb4 cxb4 30. Re8 Ra5 31. Nd7 Rxd7 32. Rfxf8+ Kg7 33. Rg8+ Kh6 34. Re6+ Kh5 35. g4+ Kh4 36. Rh6# 1-0

[Event "Early-Titled-Tuesday-Blitz-October-10-2023"]
[Site "Chess.com"]
[Date "2023.10.10"]
[Round "9"]
[White "Djager97"]
[Black "Abund"]
[Result "0-1"]
[WhiteElo "2608"]
[BlackElo "2796"]
[TimeControl "180+1"]
[EndTime "9:43:06 PDT"]
[Termination "Abund won by resignation"]

1. e4 e5 2. Nf3 Nc6 3. d4 exd4 4. Nxd4 Nf6 5. Nxc6 bxc6 6. e5 Qe7 7. Qe2 Nd5 8. c4 Ba6 9. b3 g6 10. g3 Bg7 11. Bb2 O-O 12. Bg2 Rfe8 13. O-O Bxe5 14. Qxe5 Qxe5 15. Bxe5 Rxe5 16. cxd5 Bxf1 17. Kxf1 cxd5 18.
f4 Re3 19. Bxd5 Rae8 20. Nd2 c6 21. Bg2 d5 22. Nf3 Rc3 23. Re1 Kf8 24. Rxe8+ Kxe8 25. Nd4 Kd7 26. Ke2 c5 27. Nf3 Rc2+ 28. Nd2 Kd6 29.
a4 Rc3 30. Kd1 f6 31. Bf1 g5 32. fxg5 fxg5 33. Be2 Ke5 34. Nf3+ Ke4 35. Kd2 Rxf3 0-1

[Event "Early-Titled-Tuesday-Blitz-October-10-2023"]
[Site "Chess.com"]
[Date "2023.10.10"]
[Round "9"]
[White "mapleaff"]
[Black "GlavkonVVS"]
[Result "1-0"]
[WhiteElo "2386"]
[BlackElo "2522"]
[TimeControl "180+1"]
[EndTime "9:43:08 PDT"]
[Termination "mapleaff won by resignation"]

1. e4 Nf6 2. e5 Nd5 3. d4 d6 4.
Nf3 Bg4 5. Be2 e6 6. O-O Be7 7. c4 Nb6 8. Nc3 O-O 9. Be3 N8d7 10. exd6 cxd6 11. b3 Nf6 12. h3 Bxf3 13. Bxf3 d5 14.
c5 Nbd7 15. b4 Ne8 16. a4 Nc7 17. b5 Bf6 18. Qd3 g6 19. g3 Re8 20. Bf4 e5 21.
dxe5 Nxe5 22. Bxe5 Bxe5 23. Rad1 Qe7 24. Nxd5 Qxc5 25.
Rc1 Qd6 26. Rxc7 Rad8 27. Rxb7 Bxg3 28. Rd1 Qc5 29. Qd4 Qxd4 30. Rxd4 Be5 31. Ne7+ Kf8 32. Rxd8 Rxd8 33. Nc6 Re8 34. Nxe5 Rxe5 35. Rxa7 Re1+ 36. Kg2 Rb1 37. Rb7 f5 38. b6 g5 39. Rb8+ Ke7 40.
b7 g4 41. hxg4 fxg4 42. Be4 Rb4 43. Rh8 h5 44. b8=Q Rxb8 45. Rxb8 Kd6 46. Rh8 1-0

[Event "Early-Titled-Tuesday-Blitz-October-10-2023"]
[Site "Chess.com"]
[Date "2023.10.10"]
[Round "9"]
[White "kritipatel"]
[Black "Austen48"]
[Result "0-1"]
[WhiteElo "2119"]
[BlackElo "2275"]
[TimeControl "180+1"]
[EndTime "9:43:09 PDT"]
[Termination "Austen48 won by checkmate"]

1. e4 c5 2. d4 cxd4 3. c3 Nf6 4. e5 Nd5 5. Nf3 e6 6. cxd4 d6 7. Bd3 Nc6 8. a3 dxe5 9. dxe5 Be7 10. O-O O-O 11. Qe2 Qc7 12. Qe4 f5 13. exf6 Nxf6 14. Qc4 Bd6 15. Nc3 Ne5 16. Nxe5 Bxe5 17. Qb3 Bxh2+ 18.
Kh1 Bf4 19. Ne2 Bxc1 20. Raxc1 Qe5 21. Ng3 Ng4 22. Rce1 Nxf2+ 23. Kh2 Ng4+ 24. Kh3 Qg5 25. Bxh7+ Kxh7 26. Rxf8 Qh6+ 27. Kxg4 e5+ 28. Kf3 Bg4+ 29. Kxg4 Rxf8 30. Qc2+ Kh8 31. Rh1 Rf4# 0-1

[Event "Early-Titled-Tuesday-Blitz-October-10-2023"]
[Site "Chess.com"]
[Date "2023.10.10"]
[Round "9"]
[White "hakanazeri2"]
[Black "subham777"]
[Result "0-1"]
[WhiteElo "2593"]
[BlackElo "2517"]
[TimeControl "180+1"]
[EndTime "9:43:10 PDT"]
[Termination "subham777 won on time"]

1. Nf3 d5 2. d4 Nf6 3. c4 e6 4. g3 Be7 5. Bg2 O-O 6. O-O dxc4 7.
Qc2 a6 8. a4 Bd7 9. Bg5 Bc6 10.
Rd1 b5 11. axb5 axb5 12. Rxa8 Bxa8 13. Nc3 b4 14. Bxf6 Bxf6 15. Ne4 Bxe4 16. Qxe4 c5 17. d5 c3 18. bxc3 Bxc3 19. h4 h6 20. e3 Re8 21. d6 Nd7 22. Bf1 Nf6 23. Qc6 Qa8 24. Bb5 Qxc6 25. Bxc6 Rd8 26. e4 e5 27. Ba4 Kf8 28.
Bc6 Ne8 29. Bxe8 Kxe8 30. Kf1 Kd7 31. Ke2 Kc6 32. d7 Rxd7 33. Rxd7 Kxd7 34. Kd3 Bd4 35. Kc4 Kd6 0-1

[Event "Early-Titled-Tuesday-Blitz-October-10-2023"]
[Site "Chess.com"]
[Date "2023.10.10"]
[Round "9"]
[White "Kielinkei"]
[Black "karwowskikacper"]
[Result "0-1"]
[WhiteElo "2447"]
[BlackElo "2553"]
[TimeControl "180+1"]
[EndTime "9:43:10 PDT"]
[Termination "karwowskikacper won on time"]

1. d4 d5 2. c4 e6 3. Nc3 a6 4. cxd5 exd5 5. Bf4 Nf6 6. e3 c5 7.
Nf3 c4 8. Be2 b5 9. a3 Bb7 10.
O-O Nbd7 11. Ne5 Be7 12. Qc2 Ne4 13. Nxe4 dxe4 14. b3 cxb3 15. Qxb3 O-O 16. Nxd7 Qxd7 17. Rac1 Rfc8 18. Qb2 Bd5 19. Rxc8+ Rxc8 20. Bd1 Qc6 21. Bb3 Bxb3 22. Qxb3 Qc4 23. Qb2 Qc3 24. Qxc3 Rxc3 25. Rd1 Rxa3 26. Rc1 g5 27. Bb8 b4 28. d5 b3 29. Be5 f6 30. d6 fxe5 31. dxe7 Kf7 0-1

[Event "Early-Titled-Tuesday-Blitz-October-10-2023"]
[Site "Chess.com"]
[Date "2023.10.10"]
[Round "9"]
[White "MagnusCarlsen"]
[Black "kirillshevchenko"]
[Result "1-0"]
[WhiteElo "3280"]
[BlackElo "2979"]
[TimeControl "180+1"]
[EndTime "9:43:12 PDT"]
[Termination "MagnusCarlsen won by resignation"]

1. e4 c5 2. Nf3 d6 3. Bc4 Nf6 4. d3 Nc6 5. O-O e6 6. Bb3 Be7 7. c3 O-O 8. Re1 b5 9. d4 Bb7 10. Nbd2 Rc8 11. h3 h6 12. Nf1 e5 13. d5 Na5 14. Bc2 b4 15. g4 Nd7 16. Ng3 bxc3 17. bxc3 c4 18. Nf5 Nc5 19. h4 Ba6 20. Bxh6 gxh6 21.
Qd2 Re8 22. Qxh6 Bf8 23. Qh5 Qf6 24. g5 Qg6 25. Qg4 Nd3 26. h5 Qh7 27. g6 fxg6 28. hxg6 Qh1+ 29. Kxh1 Nxf2+ 30. Kg2 Nxg4 31. Rh1 Rc7 32.
Rh4 Nf6 33. Rah1 Bg7 34. Nxd6 Rb8 35. Kg3 Rb2 36. R1h2 Bc8 37. Nf7 Rxa2 38. N3xe5 Nb3 39. d6 Rb7 40. Nc6 Rb4 41. Nxb4 1-0

[Event "Early-Titled-Tuesday-Blitz-October-10-2023"]
[Site "Chess.com"]
[Date "2023.10.10"]
[Round "9"]
[White "AsaHoffmann"]
[Black "SlavenPastar"]
[Result "1-0"]
[WhiteElo "2399"]
[BlackElo "2537"]
[TimeControl "180+1"]
[EndTime "9:43:12 PDT"]
[Termination "AsaHoffmann won by checkmate"]

1. d4 b6 2. e4 Bb7 3. f3 e6 4. Bd3 c5 5. c3 Nc6 6. Ne2 cxd4 7. cxd4 Qh4+ 8. g3 Qd8 9. Nbc3 g6 10. Be3 a6 11. Qd2 Bg7 12. O-O-O b5 13. Kb1 Qa5 14.
a3 Nge7 15. Rc1 O-O 16. d5 exd5 17. exd5 Ne5 18. Rhf1 Rfe8 19. Bd4 Nxd5 20. Be4 Nc4 21. Qd3 Nxc3+ 22. Bxc3 Bxe4 23. fxe4 Bxc3 24. Nxc3 Re6 25. Rxf7 Rd6 26. Nd5 Kxf7 27. Qd4 Qd2 28. Rf1+ Kg8 29. Ne7# 1-0

[Event "Early-Titled-Tuesday-Blitz-October-10-2023"]
[Site "Chess.com"]
[Date "2023.10.10"]
[Round "9"]
[White "Rosh1610"]
[Black "salomez"]
[Result "0-1"]
[WhiteElo "2420"]
[BlackElo "2328"]
[TimeControl "180+1"]
[EndTime "9:43:17 PDT"]
[Termination "salomez won by checkmate"]

1. e4 c5 2. Nf3 e6 3. d4 cxd4 4. Nxd4 Nf6 5. Nc3 Nc6 6. Be3 Bb4 7. Bd3 d5 8. exd5 Nxd5 9. Nxc6 bxc6 10. Bd2 Qf6 11. O-O Nxc3 12. bxc3 Bxc3 13. Bxc3 Qxc3 14.
Qf3 Qc5 15. Be4 O-O 16. Bxc6 Rb8 17. Be4 f5 18. Bd3 e5 19. Qe2 e4 20. Bc4+ Kh8 21. Bb3 Bb7 22. Rad1 f4 23. Qg4 e3 24. Rd7 Qe5 25.
fxe3 Bc8 26. exf4 Bxd7 27. Qxd7 Rxf4 28. Rd1 Qe3+ 29. Kh1 Rbf8 30. h3 Rf1+ 31. Rxf1 Rxf1+ 32. Kh2 Qf4+ 33. g3 Qf2# 0-1

[Event "Early-Titled-Tuesday-Blitz-October-10-2023"]
[Site "Chess.com"]
[Date "2023.10.10"]
[Round "9"]
[White "remi04"]
[Black "play1ngtheangel"]
[Result "1-0"]
[WhiteElo "2871"]
[BlackElo "2691"]
[TimeControl "180+1"]
[EndTime "9:43:19 PDT"]
[Termination "remi04 won by resignation"]

1. c4 Nf6 2. Nc3 e6 3. e4 d6 4. d4 Nbd7 5. Nf3 e5 6. g3 Be7 7.
Bg2 O-O 8. O-O c6 9. h3 Qc7 10. Re1 a5 11. Be3 Rd8 12. d5 Nb8 13. Rc1 Na6 14. Nd2 Nc5 15. Qc2 g6 16. a3 a4 17.
Bxc5 dxc5 18. Nxa4 b6 19. Nc3 Nh5 20. dxc6 Qxc6 21.
Nd5 Bf8 22. Rcd1 Bb7 23. Qb3 Rd6 24. Nf1 Ng7 25. f4 Re8 26. Nfe3 f6 27. fxe5 fxe5 28. Rf1 Nh5 29. Ng4 Ba6 30. Rf2 Kh8 31. Nxe5 Rxe5 32.
Rxf8+ Kg7 33. Rdf1 g5 34. Qf3 Nf4 35. gxf4 Kxf8 36. fxe5+ 1-0

[Event "Early-Titled-Tuesday-Blitz-October-10-2023"]
[Site "Chess.com"]
[Date "2023.10.10"]
[Round "9"]
[White "wqws"]
[Black "BardArtem"]
[Result "1-0"]
[WhiteElo "2682"]
[BlackElo "2821"]
[TimeControl "180+1"]
[EndTime "9:43:19 PDT"]
[Termination "wqws won on time"]

1. e4 e5 2. Nf3 Nc6 3. Bb5 Nge7 4. O-O Ng6 5. c3 d5 6. exd5 Qxd5 7. c4 Qd3 8. Re1 Be6 9. Qa4 Qd7 10. d4 exd4 11.
Nxd4 Nge7 12. Nxe6 fxe6 13. Nc3 O-O-O 14. Be3 Nf5 15.
Rad1 Qe8 16. Rxd8+ Kxd8 17. Rd1+ Kc8 18. Bxa7 Bd6 19.
Be3 Qh5 20. Qa8+ Nb8 21. Ba7 Qxh2+ 22. Kf1 Qh1+ 23. Ke2 Qh5+ 24. f3 c6 25. Bxb8 Bxb8 26. Bxc6 1-0

[Event "Early-Titled-Tuesday-Blitz-October-10-2023"]
[Site "Chess.com"]
[Date "2023.10.10"]
[Round "9"]
[White "Druid24"]
[Black "feuervogel1000000"]
[Result "1-0"]
[WhiteElo "2726"]
[BlackElo "2527"]
[TimeControl "180+1"]
[EndTime "9:43:20 PDT"]
[Termination "Druid24 won by resignation"]

1. Nf3 d5 2. b3 Nf6 3. Bb2 e6 4. e3 Bd6 5. d4 O-O 6. Nbd2 b6 7. c4 Bb7 8. Be2 Nbd7 9. O-O a5 10. Rc1 a4 11.
Qc2 axb3 12. axb3 c5 13. Rfd1 Qe7 14. Bd3 Rfc8 15. e4 dxe4 16. Nxe4 Nxe4 17. Bxe4 Bxe4 18. Qxe4 Nf6 19. Qh4 Ra2 20. Ba1 Rca8 21. Re1 Qd8 22. Rcd1 Bc7 23. Bc3 Nd7 24. Qg4 Rc2 25. dxc5 Rxc3 26.
c6 Qf6 27. Rxd7 Rc8 28. Ng5 Rf8 29. Rxc7 Qe5 30. Ne4 Rc2 31. Qg3 1-0

[Event "Early-Titled-Tuesday-Blitz-October-10-2023"]
[Site "Chess.com"]
[Date "2023.10.10"]
[Round "9"]
[White "Boxerandchessplayer"]
[Black "Jojo_898"]
[Result "1/2-1/2"]
[WhiteElo "2188"]
[BlackElo "2388"]
[TimeControl "180+1"]
[EndTime "9:43:20 PDT"]
[Termination "Game drawn by repetition"]

1. d4 Nf6 2. Nf3 g6 3. Nbd2 Bg7 4. e4 d6 5. Bb5+ c6 6. Bd3 O-O 7. O-O Nbd7 8. a4 e5 9. dxe5 dxe5 10. b4 Qe7 11. Bb2 Rd8 12. c3 Nh5 13. Qc2 Nf4 14. Bc4 Nb6 15. Bb3 Bg4 16. a5 Nd7 17. h3 Bh5 18.
Rfe1 c5 19. b5 Rac8 20. Bc4 Bh6 21. Bf1 Qf6 22. g4 Bxg4 23. hxg4 Qe6 24. Nh2 Nf6 25.
Bc4 Qd7 26. Ndf3 Nxg4 27. Rad1 Nxh2 28. Rxd7 Nxf3+ 29. Kf1 Rxd7 30. Rd1 Rcd8 31. Rxd7 Rxd7 32. Bc1 Nh2+ 33. Kg1 Nf3+ 34. Kf1 Nh2+ 35. Kg1 Nf3+ 36.
Kf1 1/2-1/2

[Event "Early-Titled-Tuesday-Blitz-October-10-2023"]
[Site "Chess.com"]
[Date "2023.10.10"]
[Round "9"]
[White "frederiksvane"]
[Black "MITerryble"]
[Result "0-1"]
[WhiteElo "2901"]
[BlackElo "3024"]
[TimeControl "180+1"]
[EndTime "9:43:23 PDT"]
[Termination "MITerryble won by resignation"]

1. Nf3 Nf6 2. g3 b6 3. Bg2 Bb7 4. O-O c5 5. c4 g6 6. b3 Bg7 7. Bb2 O-O 8. Nc3 Nc6 9. e3 Rc8 10. d4 cxd4 11. Nxd4 d6 12. Qd2 Qd7 13. Nxc6 Bxc6 14.
Nd5 Nxd5 15. cxd5 Bb7 16. Bxg7 Kxg7 17. Rfc1 Rxc1+ 18. Rxc1 Rc8 19. h4 h6 20. e4 Rc7 21.
Bf1 Qc8 22. Rxc7 Qxc7 23. b4 Qc8 24. f3 f6 25. Kf2 Ba6 26. Bg2 Qc4 27. Bh3 Bb5 28. g4 g5 29. hxg5 hxg5 30. Bg2 Kf7 31. Kg3 e6 32. dxe6+ Qxe6 33. Kf2 Ke7 34. Bf1 Bc6 35.
a3 Qe5 36. Bd3 Qh2+ 37. Ke3 Qg1+ 38. Ke2 Qh2+ 39. Ke3 Qe5 40. Be2 d5 41. Qd4 Qf4+ 42. Kd3 dxe4+ 43. fxe4 Bb5+ 44. Kc3 Bxe2 45. Qd5 Qe5+ 46.
Kd2 Qxd5+ 47. exd5 Bxg4 48. Ke3 Kd6 49. Kd4 Bf3 50. b5 Bxd5 51. Ke3 Ke5 52. Kf2 f5 53. Kg3 f4+ 0-1

[Event "Early-Titled-Tuesday-Blitz-October-10-2023"]
[Site "Chess.com"]
[Date "2023.10.10"]
[Round "9"]
[White "vishwa_vijeta"]
[Black "kreonx"]
[Result "0-1"]
[WhiteElo "2543"]
[BlackElo "2472"]
[TimeControl "180+1"]
[EndTime "9:43:24 PDT"]
[Termination "kreonx won by resignation"]

1. e4 c6 2. d4 d5 3. Nd2 dxe4 4. Nxe4 Nf6 5. Nxf6+ exf6 6. c3 Bd6 7. Bd3 O-O 8. Qc2 Re8+ 9. Ne2 h6 10. Be3 Bg4 11. O-O-O Qc7 12. h3 Bxe2 13. Qxe2 Bf4 14. Kb1 Bxe3 15. fxe3 Nd7 16. g4 c5 17. Qf2 cxd4 18.
exd4 Re7 19. h4 Rae8 20. g5 h5 21. Rhg1 Qd6 22. Qf3 g6 23. gxf6 Nxf6 24. Rdf1 Ng4 25. Bc4 Kg7 26. a3 Nh2 27. Qxf7+ Rxf7 28. Rxf7+ Kh6 29.
Bd3 Ng4 30. Rgf1 Qg3 31. Bc2 Re1+ 32. Rxe1 Qxe1+ 33. Ka2 Qxh4 34. Bb3 Qd8 35. d5 h4 36. Rf4 Kg5 37. Rf1 h3 0-1

[Event "Early-Titled-Tuesday-Blitz-October-10-2023"]
[Site "Chess.com"]
[Date "2023.10.10"]
[Round "9"]
[White "santosalberto1987"]
[Black "cukin84"]
[Result "1-0"]
[WhiteElo "2451"]
[BlackElo "2202"]
[TimeControl "180+1"]
[EndTime "9:43:24 PDT"]
[Termination "santosalberto1987 won by resignation"]

1. e4 c6 2. c4 d5 3. cxd5 cxd5 4. exd5 Nf6 5. Qa4+ Nbd7 6. Bc4 g6 7. Nc3 Bg7 8.
Nf3 O-O 9. d3 Nb6 10. Qb3 Bg4 11. Ne5 Qd6 12. Nxg4 Nxg4 13. h3 Ne5 14. Be3 Nbxc4 15.
dxc4 Rac8 16. c5 Nd3+ 17. Ke2 Nxc5 18. Qb4 Qa6+ 19. Qb5 Qd6 20. Rac1 a6 21. Qb4 b6 22. Rhd1 Qe5 23. Kf1 Qh2 24. Qxb6 Nd7 25. Qb7 Ne5 26.
Ne2 Rxc1 27. Rxc1 Nd3 28. Rc8 h5 29. Rxf8+ Bxf8 30. b4 Qe5 31. Kg1 Qa1+ 32. Kh2 Qe1 33. Qc8 Nxf2 34. Bh6 Qh1+ 35. Kg3 Ne4+ 36. Kf3 Qf1+ 37.
Ke3 Qf2+ 38. Kd3 Kh7 39. Qxf8 Qf6 40. Kxe4 Qf5+ 41. Ke3 Qe5+ 42. Kf2 Qf5+ 43. Kg1 1-0